 Dungeon Crawl Stone Soup version 0.30-a0-772-g5528072125 (webtiles) character file.

Game seed: 4081173443121760428

47 tio the Sneak (level 3, -5/25 HPs)
             Began as a Human Enchanter on Feb 12, 2023.
             Slain by Terence
             ... wielding a +2 trident of freezing
              (12 damage)
             ... on level 2 of the Dungeon.
             The game lasted 00:05:44 (1481 turns).

tio the Sneak (Human Enchanter)                     Turns: 1481, Time: 00:05:44

Health: -5/25      AC:  2    Str: 16    XL:     3   Next: 97%
Magic:  6/6        EV: 12    Int: 15    God:
Gold:   124        SH:  0    Dex: 13    Spells: 6/6 levels left

rFire   . . .      SeeInvis .    a - +1 dagger
rCold   . . .      Faith    .    (no shield)
rNeg    . . .      Spirit   .    b - +0 robe
rPois   .          Reflect  .    (no helmet)
rElec   .          Harm     .    (no cloak)
rCorr   .          Rampage  .    (no gloves)
Will    .....                    (no boots)
Stlth   ++                       m - amulet of regeneration
HPRegen 1.04/turn                f - +6 ring of strength
MPRegen 0.10/turn                (no ring)

@: no status effects
A: no striking features
a: no special abilities


You were on level 2 of the Dungeon.
You visited 1 branch of the dungeon, and saw 2 of its levels.

You collected 124 gold pieces.

Inventory:

Hand Weapons
 a - a +1 dagger (weapon)
Armour
 b - a +0 robe (worn)
Jewellery
 f - a +6 ring of strength (left hand)
 m - an amulet of regeneration (around neck)
Scrolls
 d - 2 scrolls of noise {unknown}
 g - a scroll of fear {unknown}
 h - a scroll of identify {unknown}
 k - a scroll of brand weapon {unknown}
 l - 2 scrolls of amnesia {unknown}
 o - a scroll of vulnerability {unknown}
Potions
 c - 3 potions of invisibility
 e - 2 potions of heal wounds {unknown}
 i - a potion of curing {unknown}
 j - a potion of flight {unknown}
 n - a potion of cancellation {unknown}


   Skills:
 + Level 0.7 Fighting
 + Level 1.2 Short Blades
 + Level 2.1 Dodging
 + Level 3.7 Stealth
 + Level 2.2 Spellcasting
 + Level 3.4 Hexes


You had 6 spell levels left.
You didn't know any spells.
Your spell library contained the following spells:

 Spells                   Type           Power      Damage    Failure   Level
 Ensorcelled Hibernation  Hex/Ice        12%        N/A       16%         2
 Confusing Touch          Hex            12%        N/A       16%         3
 Tukima's Dance           Hex            12%        N/A       16%         3
 Dazzling Flash           Conj/Hex       12%        N/A       32%         3


Dungeon Overview and Level Annotations

Branches:
Dungeon (2/15)

Altars:

Annotations:
D:2 Terence


Message History

A frilled lizard is nearby!
The frilled lizard barely misses you.
You miss the frilled lizard. The frilled lizard barely misses you.
You hit the frilled lizard.
The frilled lizard is heavily wounded.
The frilled lizard completely misses you.
You barely miss the frilled lizard.
The frilled lizard is heavily wounded.
The frilled lizard bites you.
You miss the frilled lizard.
The frilled lizard is heavily wounded.
The frilled lizard bites you.
You miss the frilled lizard.
The frilled lizard is heavily wounded.
The frilled lizard barely misses you.
You hit the frilled lizard.
You kill the frilled lizard!
You see here a frilled lizard corpse.
An endoplasm and Terence come into view.
Terence is wielding a +2 trident of freezing.
Found a stone staircase leading down.
The endoplasm quivers.
Terence shouts!
You hit the endoplasm.
The endoplasm is lightly wounded.
The endoplasm freezes you.
You are frozen.
You hit the endoplasm.
The endoplasm is almost dead.
The endoplasm freezes you.
You are frozen.
You hit the endoplasm.
You kill the endoplasm!
Terence closely misses you.
Terence hits you with a +2 trident of freezing!
Terence freezes you.
* * * LOW HITPOINT WARNING * * *
You hit Terence but do no damage.
Terence hits you with a +2 trident of freezing!
You die...

#.## .... .#..# .....
...... ###...# #.@..#>#
##########@#...#..
#######.................
#....†.....#######......
#.#####.##............#.
#.# #.########## .###
#.# #.# .# ..#####.# .
......#.# ## .####.#.#


You could see Terence.

Vanquished Creatures
  An adder (D:2)
  5 endoplasms
  7 goblins
  4 hobgoblins (D:1)
  A quokka (D:1)
  2 ball pythons
  3 bats
  6 frilled lizards
  4 kobolds (D:1)
  2 rats (D:1)
35 creatures vanquished.

Notes
Turn   | Place    | Note
-------+----------+-------------------------------------------
     0 | D:1      | tio the Human Enchanter began the quest for the Orb.
     0 | D:1      | Reached XP level 1. HP: 13/13 MP: 3/3
   192 | D:1      | Reached XP level 2. HP: 19/19 MP: 5/5
   569 | D:1      | Reached XP level 3. HP: 4/25 MP: 6/6
  1474 | D:2      | Noticed Terence
  1481 | D:2      | Slain by Terence

Illustrated notes

Levels and vault maps discovered:
D:1:      dpeg_arrival_shrine, layout_loops_cross, st_stairs_3,
          minmay_tromino_v4_a
D:2:      layout_loops_ring, basic_altar, st_stairs_14, grunt_ministairs_6,
          small_statue_intersection, dreamdust_wishing_well,
          nicolae_kite_square_tiling_tiny, minmay_misc_feat_hallway,
          kennysheep_generic_room_6, uniq_terence

Action                     || total
---------------------------++-------
  Melee: Dagger            ||   130
         Punch             ||     1
   Stab: Sleeping          ||    10
 Armour: Robe              ||    24
  Dodge: Dodged            ||    81

Table legend: (Time is in decaauts)
 A = Elapsed time spent in this place.
 B = Non-inter-level travel time spent in this place.
 C = Inter-level travel time spent in this place.
 D = Time resting spent in this place.
 E = Time spent auto-exploring this place.
 F = Levels seen in this place.
 G = Mean time per level.
                   A        B        C        D        E       F      G
               +--------+--------+--------+--------+--------+-----+--------+
         Total |   1476 |   1406 |     70 |      0 |   1115 |   2 |  738.0 |
       Dungeon |   1476 |   1406 |     70 |      0 |   1115 |   2 |  738.0 |
               +--------+--------+--------+--------+--------+-----+--------+

Top non-repeatable levels by time:
     D:1: 1085 daAuts
     D:2: 390 daAuts
